AoeStats
← Lord_Wilfredo

Nomad

509593859Analyzed
4v4 RM · 4d ago on Sep 27, 2026· 30m 5s· 8 players
Game mode
Random Map
Map size
231×231
Population
200
Speed
Normal
Resources
Standard
Victory
Conquest
Starting age
Dark Age
Ending age
Imperial Age
RankedLock teamsTeams togetherTeam positionsShared explorationLock speedFull tech treeHidden civsTurbo modeCheats
Victory
Defeat
🇨🇳 Danes · China
1401
+12
🇹🇼 Varangians · Taiwan
1345
+15
🇦🇷 Huns · Argentina
1297
+17
🇹🇼 Saxons · Taiwan
1281
+17
🇹🇼 Celts · Taiwan
1340
-16
🇨🇳 Persians · China
1315
-15
🇮🇱 Teutons · Israel
1304
-15
🇨🇳 Spanish · China
1299
-15
Danny
7:55 Loom
12:59 Feudal Age
18:05 Castle Age
17:12 Double-Bit Axe
28:53 Horse Collar
屁屁寶寶
6:44 Loom
13:18 Feudal Age
13:54 Double-Bit Axe
19:06 Castle Age
18:16 Gold Mining
18:59 Horse Collar
19:30 Fishing Lines
19:26 Pikeman
23:01 Bow Saw
仙逆许木
5:53 Loom
14:29 Feudal Age
18:16 Castle Age
16:06 Double-Bit Axe
21:03 Padded Archer Armor
24:16 Wheelbarrow
27:36 Hand Cart
28:11 Bow Saw
axjhbl90
13:06 Feudal Age
13:41 Loom
13:45 Double-Bit Axe
13:44 Fishing Lines
15:47 Wheelbarrow
17:14 Bloodlines
17:13 Scale Barding Armor
17:19 Forging
21:08 Castle Age
24:33 Gold Mining
26:40 Hand Cart
28:35 Chain Barding Armor
Lord_Wilfredo
4:06 Loom
12:42 Feudal Age
17:19 Castle Age
17:15 Bloodlines
17:34 Double-Bit Axe
22:00 Scale Barding Armor
23:33 Chain Barding Armor
24:19 Town Watch
25:33 Husbandry
27:28 Forging
28:13 Bow Saw
30:07 Wheelbarrow
.
4:45 Loom
13:18 Feudal Age
14:09 Double-Bit Axe
14:06 Fishing Lines
22:24 Castle Age
22:06 Forging
21:56 Scale Mail Armor
21:51 Man-at-Arms
22:24 Gold Mining
22:42 Long Swordsman
24:01 Iron Casting
25:11 Gillnets
25:31 Medium Warships
27:01 Squires
29:54 Wheelbarrow
29:27 Horse Collar
30:25 Chain Mail Armor
ALmotema
4:59 Loom
13:19 Feudal Age
13:48 Double-Bit Axe
17:56 Castle Age
15:50 Gold Mining
16:14 Scale Barding Armor
17:27 Bloodlines
18:25 Forging
18:47 Horse Collar
22:31 Town Watch
24:13 Wheelbarrow
24:07 Heavy Plow
26:47 Stone Mining
28:23 Chain Barding Armor
李天尊
5:11 Loom
14:45 Feudal Age
15:42 Double-Bit Axe
21:08 Castle Age
23:00 Bow Saw
24:48 Scale Mail Armor
26:08 Wheelbarrow
25:21 Town Watch
27:08 Chain Mail Armor
27:46 Wheelbarrow
26:56 Horse Collar
27:49 Forging
29:50 Gambesons
Connection lost

Rejoining the realm…

Still unreachable

The connection could not be restored.

Session expired

The server has moved on; the page needs a fresh start.